 Dungeon Crawl Stone Soup version 0.21-a0-39-g28ea6b7 (webtiles) character file.

71 KristoblXynda the Twirler (level 4, -2/36 HPs)
             Began as a Draconian Gladiator on June 1, 2017.
             Slain by Terence
             ... wielding a +0 trident
              (10 damage)
             ... on level 2 of the Dungeon.
             The game lasted 00:01:52 (919 turns).

KristoblXynda the Twirler (Draconian Gladiator)      Turns: 919, Time: 00:01:53

Health: -2/36      AC:  6    Str: 16    XL:     4   Next: 5%
Magic:  4/4        EV: 13    Int:  9    God:
Gold:   95         SH:  0    Dex: 13    Spells: 3/3 levels left

rFire    . . .     SeeInvis .   a - +0 quarterstaff
rCold    . . .     Gourm    .   (shield currently unavailable)
rNeg     . . .     Faith    .   (armour unavailable)
rPois    .         Spirit   .   b - +0 hat
rElec    .         Reflect  .   (no cloak)
rCorr    .         Harm     .   s - +0 pair of gloves
MR       .....                  (no boots)
Stlth    ++........             (no amulet)
Regen    0.2/turn               (no ring)
MPRegen  0.1/turn               (no ring)

@: no status effects
A: unfitting armour, cold-blooded, AC +5
a: no special abilities


You were on level 2 of the Dungeon.
You were not hungry.

You visited 1 branch of the dungeon, and saw 2 of its levels.

You collected 95 gold pieces.

Inventory:

Hand Weapons
 a - a +0 quarterstaff (weapon)
Missiles
 c - 3 throwing nets (quivered)
Armour
 b - a +0 hat (worn)
 s - a +0 pair of gloves (worn)
Jewellery
 o - a cursed ring of teleportation {unknown}
Scrolls
 f - a scroll of identify {unknown}
 g - 2 scrolls of random uselessness {unknown}
 i - 2 scrolls of remove curse {unknown}
 j - a scroll of recharging {unknown}
 l - 2 scrolls of fear {unknown}
 p - a scroll of blinking {unknown}
 q - a scroll of teleportation {unknown}
Potions
 e - 2 potions of heal wounds
 h - a potion of mutation {unknown}
 k - 3 potions of lignification {unknown}
 n - 2 potions of agility {unknown}
 r - a potion of curing {unknown}
Comestibles
 d - 3 bread rations
 m - 4 fruits
 t - a chunk of flesh


   Skills:
 - Level 2.1 Fighting
 + Level 3.6 Staves
 - Level 2.0 Throwing
 + Level 3.5 Dodging
 + Level 1.5 Stealth


You had 3 spell levels left.
You didn't know any spells.

Dungeon Overview and Level Annotations

Branches:
Dungeon (2/15)

Altars:

Annotations:
D:2 Terence


Innate Abilities, Weirdness & Mutations

Your plain brown scales are hard. (AC +5)
You cannot fit into any form of body armour.
You are cold-blooded and may be slowed by cold attacks.


Message History

The ball python constricts you. Terence barely misses you.
The ball python bites you but does no damage.
The ball python constricts you.
You hit Terence but do no damage.
Your tail-slap misses Terence.
Terence is lightly wounded.
The ball python barely misses you. The ball python constricts you.
Terence hits you with a trident.
You thump Terence!
Terence is heavily wounded.
The ball python bites you but does no damage.
The ball python constricts you.
Terence drinks a potion.
Terence is healed!
The ball python bites you. The ball python constricts you.
You hit Terence but do no damage. Terence hits you with a trident.
The ball python closely misses you. The ball python constricts you.
You escape the ball python's grasp.
Terence hits you with a trident.
* * * LOW HITPOINT WARNING * * *
You sock Terence!
Terence is heavily wounded.
Terence hits you with a trident!
You die...

### #.#### #.....
###########.###.
#............##.
#####.#############.
#..@S.# ########.
#.....@..# ###......#.
#......................
#.....##.######........
#..... #.........###...
#..... #.........#.....
####.. #.........#.####
.>. ...............
..#....#+##..


You could see Terence and a ball python.

Vanquished Creatures
  Jessica (D:2)
  2 adders (D:2)
  A dart slug (D:1)
  2 bats (D:1)
  2 giant cockroaches
  5 goblins
  3 hobgoblins
  2 jackals (D:2)
  4 kobolds
  3 frilled lizards
  A rat (D:2)
26 creatures vanquished.

Notes
Turn   | Place    | Note
-------+----------+-------------------------------------------
     0 | D:1      | KristoblXynda the Draconian Gladiator began the quest for the Orb.
     0 | D:1      | Reached XP level 1. HP: 17/17 MP: 1/1
   130 | D:1      | Reached XP level 2. HP: 21/24 MP: 2/2
   545 | D:2      | Reached XP level 3. HP: 22/29 MP: 3/3
   639 | D:2      | Reached skill level 1 in Stealth
   848 | D:2      | Noticed Jessica
   857 | D:2      | Killed Jessica
   857 | D:2      | Reached XP level 4. HP: 28/36 MP: 4/4
   907 | D:2      | Noticed Terence
   919 | D:2      | Slain by Terence

Vault maps used:
D:1:      minmay_arrival_loop
D:2:      gammafunk_temple_overflow_wave, first_bread, fountainhead,
          uniq_jessica, uniq_terence

Skill      XL: |  1  2  3 |
---------------+----------+-----
Dodging        | 3 |  3.5
Throwing       | 2 |  2.0
Stealth        | 1 |  1.5
Fighting       | |  2.1
Staves         | |  3.6

Action                   |  1- 3 |  4- 6 || total
-------------------------+-------+-------++-------
Melee: Quarterstaff      |    57 |    10 ||    67
       Tailslap          |     3 |     1 ||     4
 Stab: Sleeping          |     2 |       ||     2
Armor: Skin              |    13 |     6 ||    19
Dodge: Dodged            |    41 |     9 ||    50
